 Dungeon Crawl Stone Soup version 0.32-a0-825-g0e82a1035d (webtiles) character file.

Game seed: 649936385092761302

28 CromulentBort the Trooper (level 2, -3/24 HPs)
             Began as a Demonspawn Gladiator on Mar 25, 2024.
             Slain by an adder (4 damage)
             ... on level 1 of the Dungeon.
             The game lasted 00:01:18 (721 turns).

CromulentBort the Trooper (Demonspawn Gladiator)     Turns: 721, Time: 00:01:18

Health: -3/24      AC:  5    Str: 14    XL:     2   Next: 96%
Magic:  2/2        EV: 10    Int:  8    God:
Gold:   32         SH:  0    Dex: 14    Spells: 1/1 levels left

rFire   . . .        a - +0 war axe
rCold   . . .        (no shield)
rNeg    . . .        j - +0 ring mail
rPois   .            (helmet restricted)
rElec   .            (no cloak)
rCorr   .            (no gloves)
SInv    .            (no boots)
Will    +....        (no amulet)
Stlth   +            (no ring)
HPRegen 0.24/turn    (no ring)
MPRegen 0.08/turn

%: no passive effects
@: enlightened, flying
A: antennae 1
a: no special abilities


You were on level 1 of the Dungeon.
You visited 1 branch of the dungeon, and saw 2 of its levels.

You collected 32 gold pieces.

Inventory:

Hand Weapons
 a - a +0 war axe (weapon)
Missiles
 d - 3 throwing nets (quivered)
 e - a javelin
Armour
 c - a +0 helmet
 j - a +0 ring mail (worn)
Scrolls
 g - 2 scrolls of identify {unknown}
 h - 2 scrolls of teleportation {unknown}
Potions
 f - a potion of curing {unknown}
 i - a potion of enlightenment


   Skills:
 * Level 3.5 Fighting
 - Level 2.6 Axes
 - Level 1.7 Throwing
 - Level 2.6 Dodging


You had one spell level left.
You didn't know any spells.
Your spell library contained the following spells:

 Spells                   Type           Power      Damage    Failure   Level
 Inner Flame              Hex/Fire       0%         N/A       95%         3
 Irradiate                Conj/Alch      0%         3d11      100%        5
 Ignition                 Fire           0%         3d3       100%        8


Dungeon Overview and Level Annotations

Branches:
Dungeon (2/15)

Altars:


Innate Abilities, Weirdness & Mutations

You have a pair of small antennae on your head.


Message History

You barely miss the adder.
The adder is severely wounded.
You feel sick. The adder bites you but does no damage.
You closely miss the adder.
The adder is severely wounded.
You feel sick. The adder closely misses you. The adder bites you.
You are more poisoned.
The adder poisons you!
You are too injured to fight recklessly!
You are too injured to fight recklessly!
You feel sick. The adder misses you.
You climb upwards.
You feel sick.
There is a stone staircase leading down here.
You closely miss the adder.
The adder is severely wounded.
You feel sick. The adder bites you.
* * * LOW HITPOINT WARNING * * *
The adder bites you but does no damage.
You closely miss the adder.
The adder is heavily wounded.
You feel sick. The adder barely misses you. The adder bites you.
* * * LOW HITPOINT WARNING * * *
You barely miss the adder.
The adder is heavily wounded.
* * * LOW HITPOINT WARNING * * *
You feel sick. The adder bites you but does no damage.
The adder barely misses you.
You miss the adder.
The adder is heavily wounded.
* * * LOW HITPOINT WARNING * * *
You feel sick.
You are no longer poisoned.
The adder barely misses you.
You miss the adder.
The adder is heavily wounded.
The adder closely misses you. The adder barely misses you.
It was a potion of enlightenment.
You feel very buoyant.
You fly up into the air.
The adder closely misses you. The adder bites you.
You die...

.....# #....# #..........# ###
#.#..# #....# #...###..#.###.#
#.#..# #....# #...# #..#......
#.#..#####[...####...####.####..#
........###.#^..................#
#.#.....# #†#.#####...÷...#.....#
........###)#.###.#..#..........#
####........#.#.S.#..#.#....###.#
................@....#.#.#......#
#...#########.#.#.#.##.#.########
#...# #####..........#.....#
#...#####.....#####....)..##.###
#....................####......#
#...###....####....[...##..#.#.#
#......................##....#.#
...#.......####........##.####.#
##.#.##....# #........##......#


You could see an adder.

Vanquished Creatures
  A bat (D:1)
  4 endoplasms (D:1)
  3 goblins (D:1)
  2 hobgoblins (D:1)
  3 jackals (D:1)
  A kobold (D:1)
  3 ball pythons (D:1)
  5 frilled lizards (D:1)
  4 rats
26 creatures vanquished.

Notes
Turn   | Place    | Note
-------+----------+-------------------------------------------
     0 | D:1      | CromulentBort the Demonspawn Gladiator began the quest for
                  | the Orb.
     0 | D:1      | Reached XP level 1. HP: 16/16 MP: 1/1
   200 | D:1      | Discovered your monstrous ancestry.
   200 | D:1      | Gained mutation: You have a pair of small antennae on your
                  | head. [demonic ancestry]
   200 | D:1      | Reached XP level 2. HP: 10/23 MP: 2/2
   212 | D:1      | Reached skill level 3 in Fighting
   719 | D:1      | HP: 1/24 [poisoned by an adder]
   721 | D:1      | Slain by an adder

Illustrated notes

Levels and vault maps discovered:
D:1:      dpeg_arrival_arbitrary_a, layout_basic, minmay_surrounded
D:2:      layout_basic

Skill      XL: |  1  2 |
---------------+-------+-----
Fighting       | 3 |  3.5
Axes           | |  2.6
Throwing       | |  1.7
Dodging        | |  2.6

Action                     || total
---------------------------++-------
  Melee: War axe           ||    56
    Use: Potion            ||     1
 Armour: Leather armour    ||    18
         Ring mail         ||    20
  Dodge: Dodged            ||    50

Table legend: (Time is in decaauts)
 A = Elapsed time spent in this place.
 B = Non-inter-level travel time spent in this place.
 C = Inter-level travel time spent in this place.
 D = Time resting spent in this place.
 E = Time spent auto-exploring this place.
 F = Levels seen in this place.
 G = Mean time per level.
                   A        B        C        D        E       F      G
               +--------+--------+--------+--------+--------+-----+--------+
         Total |    742 |    685 |     57 |     79 |    440 |   2 |  371.0 |
       Dungeon |    742 |    685 |     57 |     79 |    440 |   2 |  371.0 |
               +--------+--------+--------+--------+--------+-----+--------+

Top non-repeatable levels by time:
     D:1: 732 daAuts
     D:2: 10 daAuts
